[Event "Team 45 45 League T67"]
[Site "Internet Chess Club"]
[Date "2016.01.09"]
[Round "5"]
[White "SAC2001"]
[Black "primerpaso"]
[Result "1-0"]
[WhiteElo "1914"]
[BlackElo "1875"]
[Opening "Sicilian: Najdorf, Byrne (English) attack"]
[ECO "B90"]
[Time "13:31:42"]
[TimeControl "2700+45"]

1. e4 c5 2. Nf3 d6 3. d4 cxd4 4. Nxd4 Nf6 5. Nc3 a6 6. Be3 e5 7. Nb3 Be6 8. f3
Nbd7 9. Qd2 b5 10. O-O-O b4 11. Nd5 Bxd5 12. exd5 a5 13. Kb1 Rb8 14. g4 Be7 15.
g5 Nh5 16. h4 O-O 17. Bd3 a4 18. Nc1 Qa5 19. Rhg1 Nc5 20. g6 fxg6 21. a3 Bxh4
22. Rg4 Bg3 23. axb4 Qb6 24. Qc3 Rxf3 25. bxc5 dxc5 26. Bxc5 Qb7 27. Rb4 Qa8 28.
Rxb8+ Qxb8 29. d6 Kh8 30. d7 Bh4 31. Qc4 Bd8 32. Be4 Rf6 33. Nd3 Nf4 34. Nb4 Qc7
35. Nc6 Rxc6 36. Bxc6 Qxc6 37. Qf7 Qe6 38. Qe8+ Qg8 39. Be7 Ne6 40. Bxd8 Nxd8
41. Rf1 {Black resigns} 1-0

[Event "Team 45 45 League T67"]
[Site "Internet Chess Club"]
[Date "2016.01.11"]
[Round "5"]
[White "zap2"]
[Black "Schachteufel"]
[Result "1-0"]
[WhiteElo "1783"]
[BlackElo "1640"]
[Opening "Benko's opening"]
[ECO "A00"]
[Time "07:31:16"]
[TimeControl "2700+45"]

1. g3 c6 2. Bg2 d5 3. Nf3 Bg4 4. h3 Bh5 5. O-O Nd7 6. d3 e6 7. Nbd2 Bd6 8. c4
Ne7 9. b3 O-O 10. Bb2 a5 11. a3 b5 12. cxb5 cxb5 13. Rc1 Qb6 14. Rc2 f6 15. h4
e5 16. Bh3 Rad8 17. g4 Bg6 18. Qa1 b4 19. a4 Bc5 20. e4 Bd6 21. Rfc1 Nc5 22. Ne1
dxe4 23. Nc4 Qb8 24. Nxd6 Qxd6 25. Rxc5 exd3 26. Rxa5 d2 27. Rd1 dxe1=Q+ 28.
Rxe1 Bc2 29. Re3 Nd5 30. Rg3 Nf4 31. Bf1 Bd3 32. Bxd3 Nxd3 33. Rb5 Nf4 34. Qf1
Qd2 35. Re3 Qxb2 36. Rxb4 Rd2 37. a5 Rfd8 38. Qc4+ Kh8 39. Qf1 Rd1 40. Re1 Nh3+
41. Kg2 Nf4+ 42. Kg1 Rxe1 43. Qxe1 h5 44. Rb6 hxg4 45. a6 g3 46. a7 Qd4 47. Rb8
Nh3+ 48. Kg2 gxf2 49. Qe3 Qg4+ 50. Qg3 Nf4+ 51. Kxf2 Qe2+ 52. Kg1 Qd1+ 53. Kh2
Qd2+ 54. Kh1 Qd1+ 55. Kh2 Qd5 56. a8=Q Qxa8 57. Rxa8 Rxa8 {Black resigns} 1-0

[Event "Team 45 45 League T67"]
[Site "Internet Chess Club"]
[Date "2016.01.11"]
[Round "5"]
[White "Portola"]
[Black "bradleyguo175"]
[Result "1-0"]
[WhiteElo "1753"]
[BlackElo "1649"]
[Opening "Queen's pawn game"]
[ECO "A45"]
[Time "19:01:24"]
[TimeControl "2700+45"]

1. d4 Nf6 2. c3 g6 3. Nf3 Bg7 4. Bg5 d6 5. Nbd2 O-O 6. e3 Nc6 7. Bc4 h6 8. Bh4
e5 9. dxe5 Nxe5 10. Nxe5 dxe5 11. Qb3 Qe7 12. Ne4 g5 13. Nxf6+ Qxf6 14. Bg3 Rd8
15. O-O b6 16. Rad1 Bb7 17. f3 a6 18. e4 b5 19. Be2 Qb6+ 20. Bf2 Qc6 21. c4 bxc4
22. Bxc4 Rf8 23. Bd5 Qb5 24. Bxb7 Qxb3 25. axb3 Rab8 26. Bd5 Rfd8 27. Bc4 {Black
resigns} 1-0

[Event "Team 45 45 League T67"]
[Site "Internet Chess Club"]
[Date "2016.01.06"]
[Round "5"]
[White "rhayder"]
[Black "mongmong"]
[Result "0-1"]
[WhiteElo "1401"]
[BlackElo "1547"]
[Opening "French: exchange variation"]
[ECO "C01"]
[Time "14:28:39"]
[TimeControl "2700+45"]

1. e4 e6 2. d4 d5 3. exd5 exd5 4. Be2 Nf6 5. Nf3 Bd6 6. O-O O-O 7. Nc3 c6 8. Ne5
h6 9. Bf4 Bf5 10. Nd3 Bxd3 11. Bxd6 Bxe2 12. Qxe2 Qxd6 {White resigns} 0-1

[Event "Team 45 45 League T67"]
[Site "Internet Chess Club"]
[Date "2016.01.09"]
[Round "5"]
[White "Packerfan"]
[Black "qingjoshua"]
[Result "0-1"]
[WhiteElo "1768"]
[BlackElo "1857"]
[Opening "Evans gambit: compromised defense, Paulsen variation"]
[ECO "C52"]
[Time "16:30:37"]
[TimeControl "2700+45"]

1. e4 e5 2. Nf3 Nc6 3. Bc4 Bc5 4. b4 Bxb4 5. c3 Ba5 6. d4 exd4 7. O-O dxc3 8.
Qb3 Qf6 9. e5 Qg6 10. Nxc3 Nge7 11. Ba3 O-O 12. Nd5 Nxd5 13. Bxd5 Re8 14. Bb2
Nb4 15. Bc4 d5 16. exd6 cxd6 17. Nh4 Qh5 18. Qg3 Qg4 19. Qb3 Be6 20. Bxe6 Rxe6
21. Qa4 Qxh4 22. Qxa5 Nc6 23. Qb5 Qb4 24. Qxb4 Nxb4 25. Ba3 Nc2 26. Rab1 Nxa3
27. Rxb7 Nc4 28. g3 Kf8 29. Rc1 d5 30. Rd7 Rd6 31. Rxd6 Nxd6 32. Rd1 Rd8 33.
Rxd5 Nb7 34. Rb5 Rd7 35. a4 Nd6 36. Rb4 Ke7 37. Kg2 Nf5 38. Kf3 Nd4+ 39. Ke4 Nc6
40. Rc4 Rd6 41. f4 f6 42. h4 h5 43. Kf5 Kf7 44. Ke4 g6 45. a5 f5+ 46. Ke3 a6 47.
Rc5 Ke6 48. Ke2 Nd4+ 49. Ke3 Nc6 50. Ke2 Kd7 51. Ke3 Kc7 52. Ke2 Rd4 53. Ke3 Ra4
54. g4 Rxa5 55. Rc1 hxg4 {White resigns} 0-1

[Event "Team 45 45 League T67"]
[Site "Internet Chess Club"]
[Date "2016.01.10"]
[Round "5"]
[White "Lrn2Mate"]
[Black "LN09102Q"]
[Result "1-0"]
[WhiteElo "1611"]
[BlackElo "1640"]
[Opening "English: Carls' Bremen system"]
[ECO "A22"]
[Time "22:30:17"]
[TimeControl "2700+45"]

1. c4 e5 2. Nc3 Nf6 3. g3 Nc6 4. Bg2 Bc5 5. e3 O-O 6. Nge2 Qe7 7. O-O d6 8. d4
exd4 9. exd4 Bb4 10. a3 Bxc3 11. Nxc3 h6 12. Re1 Qd8 13. Be3 Re8 14. Qd2 Bd7 15.
h3 a6 16. Re2 Rb8 17. a4 Na5 18. Qd3 Nc6 19. a5 Ra8 20. Bd2 Rxe2 21. Nxe2 Qe7
22. Re1 Re8 23. Kf1 Ne4 24. Nf4 Nxd2+ 25. Qxd2 Qxe1+ 26. Qxe1 Rxe1+ 27. Kxe1 Bc8
28. Bxc6 bxc6 29. h4 Kf8 30. Kd2 Ke7 31. Ke3 g6 32. Nd3 Ke6 33. Nb4 Bb7 34. Nd3
Kf5 35. c5 Ke6 36. Nb4 Ke7 37. Ke4 Ke6 38. Kf4 Kf6 39. g4 Ke6 40. Ke4 Kf6 41.
Nd3 Ke6 42. b3 Ke7 43. g5 h5 44. f4 Bc8 45. Nb4 Bb7 46. f5 Kd7 47. Nd3 Bc8 48.
fxg6 fxg6 49. Nf4 Ke7 50. Nxg6+ Kf7 51. Nf4 d5+ 52. Ke5 Bg4 53. b4 Bf3 54. Ne6
Be2 55. Nxc7 Ke7 56. Ne6 Bg4 57. Nf4 Bf3 58. Kf5 Bg4+ 59. Kg6 Kf8 60. Nxh5 Bxh5+
61. Kxh5 Kg7 62. Kg4 Kg6 63. h5+ Kh7 64. Kf5 Kg7 65. Ke6 Kf8 66. Kd6 Kf7 67. h6
Kg6 68. Kxc6 Kxg5 69. h7 Kf4 70. h8=Q Ke4 71. Qe5+ Kd3 72. Kxd5 Kc3 73. Qe3+
Kxb4 74. Qd2+ Kb3 75. Ke4 Kc4 76. c6 Kb5 77. Kd5 Ka4 78. Kc4 Ka3 79. Qb4+ Ka2
80. Kc3 Ka1 81. Qb2# {Black checkmated} 1-0

[Event "Team 45 45 League T67"]
[Site "Internet Chess Club"]
[Date "2016.01.09"]
[Round "5"]
[White "FosterChess"]
[Black "tryanything"]
[Result "0-1"]
[WhiteElo "1452"]
[BlackElo "1601"]
[Opening "Ruy Lopez: open (Tarrasch) defense"]
[ECO "C80"]
[Time "18:45:15"]
[TimeControl "2700+45"]

1. e4 e5 2. Nf3 Nc6 3. Bb5 a6 4. Ba4 Nf6 5. O-O Nxe4 6. Bxc6 dxc6 7. Re1 Nc5 8.
Rxe5+ Be7 9. Qe1 Ne6 10. d3 O-O 11. Nc3 Bd6 12. Rh5 Re8 13. Qe4 g6 14. Rh6 Bf8
15. Rh4 Be7 16. Rg4 Nc5 17. Qe3 Bxg4 18. b4 Bxf3 19. Qxf3 Ne6 20. Bf4 Nxf4 21.
Qxf4 Bd6 22. Qd2 Bxb4 {White resigns} 0-1

[Event "Team 45 45 League T67"]
[Site "Internet Chess Club"]
[Date "2016.01.09"]
[Round "5"]
[White "ticopatzer"]
[Black "Goli"]
[Result "0-1"]
[WhiteElo "1753"]
[BlackElo "1701"]
[Opening "King's Indian: 6.Be2"]
[ECO "E91"]
[Time "10:04:17"]
[TimeControl "2700+45"]

1. d4 Nf6 2. c4 g6 3. Nc3 Bg7 4. e4 d6 5. Nf3 O-O 6. Be2 Nc6 7. O-O Bg4 8. h3
Bxf3 9. Bxf3 e5 10. d5 Ne7 11. Qb3 Rb8 12. Be3 b6 13. a4 a5 14. Nb5 Nd7 15. Bg5
Nc5 16. Qa3 h6 17. Bh4 g5 18. Bg3 f5 19. exf5 Nxf5 20. Bh2 Qe7 21. Na7 Qf7 22.
Nc6 Rbe8 23. b4 axb4 24. Qxb4 e4 25. Bg4 Bxa1 26. Rxa1 Qf6 27. Qe1 Nd3 28. Qd1
Nxf2 29. Qe1 Nd3 30. Qd1 Ne3 31. Qb1 Qf2+ 32. Kh1 Qxg2# {White checkmated} 0-1

[Event "Team 45 45 League T67"]
[Site "Internet Chess Club"]
[Date "2016.01.10"]
[Round "5"]
[White "AVEMARIA"]
[Black "rayonline53"]
[Result "1/2-1/2"]
[WhiteElo "1552"]
[BlackElo "1458"]
[Opening "KP: Nimzovich defense"]
[ECO "B00"]
[Time "14:00:35"]
[TimeControl "2700+45"]

1. e4 Nc6 2. Nf3 Nf6 3. Nc3 d5 4. e5 Ne4 5. Bb5 e6 6. Qe2 Nxc3 7. bxc3 Bd7 8.
O-O a6 9. Ba4 b5 10. Bb3 Be7 11. a4 Na5 12. axb5 Nxb3 13. cxb3 Bxb5 14. d3 c5
15. Be3 O-O 16. Rfd1 Qc7 17. Qc2 h6 18. Qd2 Kh7 19. d4 c4 20. b4 f5 21. exf6
Rxf6 22. Qc2+ Kg8 23. Ne5 Bd6 24. f4 Bxe5 25. fxe5 Rf5 26. Rf1 Raf8 27. Rxf5
Rxf5 28. Rf1 Rxf1+ 29. Kxf1 Qf7+ 30. Qf2 Qg6 31. Qd2 Qf5+ 32. Kg1 Qb1+ 33. Qc1
Qe4 34. Qd2 Qf5 35. h3 Qb1+ {Game drawn by mutual agreement} 1/2-1/2

[Event "Team 45 45 League T67"]
[Site "Internet Chess Club"]
[Date "2016.01.09"]
[Round "5"]
[White "werty"]
[Black "whiskeytown"]
[Result "1/2-1/2"]
[WhiteElo "1579"]
[BlackElo "1618"]
[Opening "King's Indian: London system"]
[ECO "A45"]
[Time "14:33:32"]
[TimeControl "2700+45"]

1. d4 Nf6 2. Bf4 g6 3. Nf3 Bg7 4. e3 d6 5. h3 c5 6. c3 cxd4 7. cxd4 Nc6 8. Be2
Qa5+ 9. Nc3 Ne4 10. Qb3 a6 11. O-O Nxc3 12. bxc3 O-O 13. e4 b5 14. e5 dxe5 15.
Nxe5 Nxe5 16. Bxe5 Bxe5 17. dxe5 Be6 18. Qb2 Rac8 19. Rfc1 Rc7 20. Qb4 Qb6 21.
c4 Qd4 22. Re1 Rfc8 23. Rad1 Qxe5 24. cxb5 {Game drawn by mutual agreement}
1/2-1/2

[Event "Team 45 45 League T67"]
[Site "Internet Chess Club"]
[Date "2016.01.09"]
[Round "5"]
[White "tightfist"]
[Black "evan7284"]
[Result "1/2-1/2"]
[WhiteElo "1672"]
[BlackElo "1691"]
[Opening "Queen's pawn game"]
[ECO "D02"]
[Time "09:08:54"]
[TimeControl "2700+45"]

1. Nf3 d5 2. d4 e6 3. e3 f5 4. Bd3 Nf6 5. O-O Bd6 6. c4 c6 7. Nc3 O-O 8. cxd5
exd5 9. Qc2 Ne4 10. b3 Qf6 11. Bb2 Be6 12. a4 Nd7 13. Ba3 Bxa3 14. Rxa3 Qh6 15.
b4 g5 16. b5 g4 17. Bxe4 {Game drawn by mutual agreement} 1/2-1/2

[Event "Team 45 45 League T67"]
[Site "Internet Chess Club"]
[Date "2016.01.11"]
[Round "5"]
[White "kidviper"]
[Black "Skeptic1972"]
[Result "1-0"]
[WhiteElo "1956"]
[BlackElo "1686"]
[Opening "Evans gambit: 5...Be7"]
[ECO "C51"]
[Time "14:08:09"]
[TimeControl "2700+45"]

1. e4 e5 2. Nf3 Nc6 3. Bc4 Bc5 4. b4 Bxb4 5. c3 Be7 6. d4 d6 7. Qb3 exd4 8.
Bxf7+ Kf8 9. Bxg8 Rxg8 10. Nxd4 Nxd4 11. cxd4 Bf6 12. e5 dxe5 13. Ba3+ Be7 14.
dxe5 Bxa3 15. Nxa3 Qe7 16. O-O c6 17. f4 Be6 18. Qc3 g6 19. Nc2 Kg7 20. Nd4 Rgf8
21. Rf2 Kg8 22. Raf1 Rf7 23. Ne2 Raf8 24. Ng3 Qh4 25. Ne4 Qd8 26. Nf6+ Kh8 27.
Rd2 Qb6+ 28. Kh1 Qa6 29. Rfd1 Qb6 30. h3 h5 31. Nd7 Bxd7 32. e6+ Rf6 33. e7 Rf7
34. Rxd7 Kh7 35. e8=Q {Black resigns} 1-0

[Event "Team 45 45 League T67"]
[Site "Internet Chess Club"]
[Date "2016.01.10"]
[Round "5"]
[White "Ajolote"]
[Black "kidcobra"]
[Result "1/2-1/2"]
[WhiteElo "1661"]
[BlackElo "1850"]
[Opening "Sicilian: Katalimov variation"]
[ECO "B27"]
[Time "19:03:50"]
[TimeControl "2700+45"]

1. e4 c5 2. Nf3 b6 3. d4 e6 4. Nc3 cxd4 5. Nxd4 a6 6. Be3 Bb7 7. Be2 Qc7 8. Qd2
Bb4 9. f3 Ne7 10. a3 Bxc3 11. bxc3 Nbc6 12. Rb1 e5 13. Nxc6 dxc6 14. Bxb6 Qc8
15. Rd1 O-O 16. O-O Qb8 17. Rb1 Ng6 18. Bc4 Qc8 19. Rfd1 a5 20. Qd7 Ba6 21. Bxa6
Qxa6 22. Qd3 Qc8 23. Qc4 Rb8 24. Qc5 Qe6 25. c4 Nf4 26. Rd6 Qe7 27. g3 Ne6 28.
Qxc6 Nd4 29. Qd7 Qg5 30. f4 Qh5 31. Rxd4 exd4 32. Qxd4 Qe2 33. Qd3 Qh5 34. c5
Rfd8 35. Qf1 Rd2 36. h3 Qg6 37. Qf3 Qf6 38. c3 Qe6 39. Qe3 Qa2 40. Re1 Rg2+ 41.
Kf1 Rh2 42. Qg1 Rb2 43. Qe3 Rh2 44. Re2 Qb1+ 45. Re1 Qb2 46. Re2 Qb1+ 47. Re1
Qa2 48. Re2 Qb1+ {Game drawn by repetition} 1/2-1/2

[Event "Team 45 45 League T67"]
[Site "Internet Chess Club"]
[Date "2016.01.07"]
[Round "5"]
[White "KidRattler"]
[Black "nidusin2"]
[Result "1-0"]
[WhiteElo "1667"]
[BlackElo "1586"]
[Opening "Giuoco Piano"]
[ECO "C50"]
[Time "16:08:07"]
[TimeControl "2700+45"]

1. e4 Nc6 2. Nf3 e5 3. Bc4 Bc5 4. Qe2 d6 5. d3 h6 6. h3 Nf6 7. c3 O-O 8. O-O Re8
9. Nbd2 a6 10. a4 Be6 11. Bxe6 Rxe6 12. Kh2 d5 13. exd5 Nxd5 14. Ne4 Nf4 15.
Bxf4 exf4 16. Qc2 Be7 17. Rae1 Qd5 18. d4 Re8 19. c4 Qa5 20. d5 Nb4 21. Qd2 Rg6
22. Ne5 Rb6 23. Qxf4 Bf6 24. Nd7 Be7 25. Nxb6 Qxb6 26. Qd2 Kf8 27. f4 f5 28. Ng3
Qg6 29. Re6 Qf7 30. Rfe1 a5 31. R1e5 g6 32. Qd1 Na6 33. Qb1 Nc5 34. Nxf5 Nxe6
35. dxe6 Qf6 36. g3 g5 37. Nxe7 Qxe7 38. Rf5+ {Black resigns} 1-0

[Event "Team 45 45 League T67"]
[Site "Internet Chess Club"]
[Date "2016.01.11"]
[Round "5"]
[White "fireball"]
[Black "BJJ"]
[Result "1-0"]
[WhiteElo "1603"]
[BlackElo "1441"]
[Opening "Scandinavian defense"]
[ECO "B01"]
[Time "18:39:16"]
[TimeControl "2700+45"]

1. e4 d5 2. exd5 Nf6 3. Nf3 c6 4. dxc6 Nxc6 5. Be2 Bf5 6. O-O e6 7. a3 Bd6 8. d4
O-O 9. Bg5 Qb6 10. Bxf6 gxf6 11. b4 Rad8 12. c4 Bb8 13. c5 Qc7 14. g3 Qd7 15.
Bb5 a6 16. Bxc6 Qxc6 17. Nh4 Bh3 18. Re1 Be5 19. Qf3 Bxd4 20. Qxc6 bxc6 21. Ra2
Rd5 22. Nf3 Rfd8 23. Nxd4 Rxd4 24. f3 Bf5 25. Kf2 e5 26. Nc3 Be6 27. Rae2 Bc4
28. Re3 Rd2+ 29. Kg1 R8d3 30. Ne4 Rxe3 31. Rxe3 Kg7 32. Nxd2 Bd5 33. Ne4 Kg6 34.
Nd6 h5 35. Ne8 Kf5 36. Nc7 Bc4 37. Kf2 Kg5 38. Re4 Bd3 39. Rh4 f5 40. Ke3 Bf1
41. a4 f4+ 42. Kf2 fxg3+ 43. hxg3 Bd3 44. Ke3 Bc2 45. a5 f5 46. f4+ exf4+ 47.
Rxf4 Be4 48. Nxa6 Bc2 49. Nc7 h4 50. Rxh4 Kf6 51. a6 Ke5 52. a7 f4+ 53. gxf4+
Kf6 54. a8=Q Bg6 55. Qd8+ Kf7 56. Qe8+ Kf6 57. Qe6+ Kg7 58. Qe7+ Kg8 59. Rg4 Kh8
60. Qf6+ Kh7 61. Qxg6+ Kh8 62. Qg7# {Black checkmated} 1-0

[Event "Team 45 45 League T67"]
[Site "Internet Chess Club"]
[Date "2016.01.08"]
[Round "5"]
[White "az2112"]
[Black "mandrull"]
[Result "1/2-1/2"]
[WhiteElo "1570"]
[BlackElo "1656"]
[Opening "Alekhine's defense"]
[ECO "B03"]
[Time "21:00:17"]
[TimeControl "2700+45"]

1. e4 Nf6 2. e5 Nd5 3. d4 d6 4. f4 Bf5 5. Bd3 Bxd3 6. Qxd3 c6 7. Nf3 g6 8. O-O
Bg7 9. f5 dxe5 10. fxg6 hxg6 11. Nxe5 Bxe5 12. dxe5 Qc7 13. Qf3 Qxe5 14. Qxf7+
Kd8 15. g3 Qd4+ 16. Qf2 Qxf2+ 17. Rxf2 Nd7 18. c4 N5f6 19. Bf4 g5 20. Bxg5 Ne4
21. Rf5 Nxg5 22. Rxg5 Kc7 23. Nc3 Rh7 24. Rf1 Rah8 25. h4 Nf8 26. Rgf5 Ng6 27.
Ne4 Rg8 28. Ng5 Nxh4 29. Nxh7 Nxf5 30. Rxf5 Rxg3+ 31. Kf2 Rh3 32. Ng5 Rh2+ 33.
Ke3 Rxb2 34. Rf2 Rxf2 35. Kxf2 b5 36. c5 Kb7 37. Nf3 b4 38. Nd4 e5 39. Nb3 Ka6
40. Ke3 Kb5 41. Ke4 a5 42. Kxe5 a4 43. Kd6 Kc4 44. Kxc6 axb3 45. axb3+ Kxb3 46.
Kd6 Ka2 47. c6 b3 48. c7 b2 49. c8=Q b1=Q 50. Qa6+ Kb2 51. Qb5+ Kc1 52. Qxb1+
Kxb1 {Game drawn because neither player has mating material} 1/2-1/2

[Event "Team 45 45 League T67"]
[Site "Internet Chess Club"]
[Date "2016.01.06"]
[Round "5"]
[White "tuantuan"]
[Black "SugarIslander"]
[Result "0-1"]
[WhiteElo "1576"]
[BlackElo "1704"]
[Opening "Petrov three knights game"]
[ECO "C42"]
[Time "18:25:44"]
[TimeControl "2700+45"]

1. e4 e5 2. Nf3 Nf6 3. Nc3 Bb4 4. Nxe5 O-O 5. Bc4 d6 6. Nf3 Bxc3 7. bxc3 Nxe4 8.
O-O d5 9. Bb3 c6 10. Bb2 Bg4 11. d3 Nf6 12. c4 Nbd7 13. cxd5 Nxd5 14. h3 Bh5 15.
Qe2 Re8 16. Qd2 Bxf3 17. gxf3 Qh4 18. Kh2 Nf4 {White resigns} 0-1

[Event "Team 45 45 League T67"]
[Site "Internet Chess Club"]
[Date "2016.01.10"]
[Round "5"]
[White "Gojira"]
[Black "okieman888"]
[Result "1-0"]
[WhiteElo "1687"]
[BlackElo "1562"]
[Opening "Queen's pawn, Mason variation"]
[ECO "D00"]
[Time "21:06:39"]
[TimeControl "2700+45"]

1. d4 d5 2. Bf4 Nf6 3. e3 e6 4. Nf3 c5 5. c3 Nc6 6. Nbd2 Bd6 7. Ne5 O-O 8. Bd3
Qc7 9. Ndf3 Ne4 10. Nxc6 bxc6 11. Bxd6 Qxd6 12. dxc5 Nxc5 13. Bxh7+ Kxh7 14.
Ng5+ Kg8 15. Qh5 Rd8 16. Qxf7+ Kh8 17. Qh5+ Kg8 18. Qh7+ Kf8 19. Qh8+ Ke7 20.
Qxg7+ Ke8 21. Qf7# {Black checkmated} 1-0

[Event "Team 45 45 League T67"]
[Site "Internet Chess Club"]
[Date "2016.01.09"]
[Round "5"]
[White "zorori"]
[Black "drsigmund1"]
[Result "0-1"]
[WhiteElo "1359"]
[BlackElo "1525"]
[Opening "French: Tarrasch"]
[ECO "C03"]
[Time "19:48:19"]
[TimeControl "2700+45"]

1. e4 e6 2. d4 d5 3. Nd2 dxe4 4. Nxe4 Nf6 5. Bd3 Nc6 6. c3 Be7 7. Nf3 e5 8. Bc2
Bg4 9. h3 Bh5 10. Qd3 Nxe4 11. Qxe4 Bg6 12. Qe2 exd4 13. cxd4 Bxc2 14. Qxc2 Bb4+
15. Bd2 Qe7+ 16. Kf1 O-O-O 17. Re1 Qd6 18. Qf5+ Qd7 19. Qd3 Bxd2 20. Qxd2 Nxd4
21. Nxd4 Qxd4 22. Qc2 Qd3+ 23. Qxd3 Rxd3 24. Ke2 Rhd8 25. Rc1 Rd2+ 26. Ke1 Rxb2
27. Ra1 Rdd2 28. Rf1 Rxa2 29. Rb1 Re2+ 30. Kd1 Rxf2 31. Rg1 Ra6 32. Ke1 Rfa2 33.
Kd1 Ra1 34. Kc2 R6a2+ 35. Kc1 f6 36. Rf1 Rxb1+ 37. Kxb1 Rxg2 38. Kc1 Rh2 39. Rf3
b6 40. Rg3 g6 41. Rf3 f5 42. Kd1 a5 43. Ke1 a4 44. Ra3 b5 45. Kf1 Kb7 46. Kg1
Rb2 47. Kf1 Rb3 48. Ra2 a3 49. Ke2 b4 50. Kd1 Rxh3 51. Kc2 Rh2+ 52. Kb3 Rxa2 53.
Kxa2 c5 54. Kb3 Kb6 55. Ka2 c4 56. Kb1 b3 57. Ka1 h5 58. Kb1 h4 59. Ka1 h3 60.
Kb1 h2 61. Kc1 c3 62. Kd1 c2+ 63. Kc1 h1=Q+ 64. Kd2 c1=Q+ {White resigns} 0-1

[Event "Team 45 45 League T67"]
[Site "Internet Chess Club"]
[Date "2016.01.10"]
[Round "5"]
[White "JasonModer"]
[Black "DarthDaver"]
[Result "0-1"]
[WhiteElo "1929"]
[BlackElo "2010"]
[Opening "Benkö gambit accepted"]
[ECO "A58"]
[Time "17:45:37"]
[TimeControl "2700+45"]

1. d4 Nf6 2. c4 c5 3. d5 b5 4. cxb5 a6 5. bxa6 g6 6. Nc3 Bxa6 7. Nf3 d6 8. e4
Bxf1 9. Kxf1 Nbd7 10. g3 Bg7 11. Kg2 O-O 12. h3 Ra6 13. Re1 Qa8 14. a3 Rb8 15.
Qc2 Nb6 16. Rb1 Qb7 17. b4 cxb4 18. Rxb4 Rc8 19. Qb3 Rxc3 20. Qxc3 Nfxd5 21. Qb3
Nxb4 22. Qxb4 Qa8 23. Be3 Nd7 24. Rc1 Nf6 25. Rc7 Ra4 26. Rc8+ Qxc8 27. Qxa4 Qb7
28. Qa5 h6 29. Qd8+ Kh7 30. a4 Qxe4 31. a5 Nd5 32. Bd2 Qd3 33. Qc8 e5 34. Qc1 e4
35. Ne1 Qb5 36. Kg1 Bd4 37. Nc2 Bc5 38. Qf1 Qb3 39. Ne3 Nxe3 40. fxe3 Bxe3+ 41.
Bxe3 Qxe3+ 42. Qf2 Qb3 43. a6 e3 44. Qf3 Kg7 45. a7 Qb1+ 46. Qf1 Qa2 47. Qf3
Qxa7 48. Kf1 Qd4 49. Qe2 d5 50. Qc2 Qe5 51. Ke2 Qxg3 52. Qc3+ f6 53. Qxe3 Qxe3+
54. Kxe3 Kf7 55. Kd4 Ke6 {White resigns} 0-1

[Event "Team 45 45 League T67"]
[Site "Internet Chess Club"]
[Date "2016.01.08"]
[Round "5"]
[White "ShootStraight"]
[Black "vjbaker"]
[Result "1-0"]
[WhiteElo "1958"]
[BlackElo "1755"]
[Opening "Bogo-Indian defense, Grünfeld variation"]
[ECO "E11"]
[Time "19:30:09"]
[TimeControl "2700+45"]

1. d4 Nf6 2. c4 e6 3. Nf3 Bb4+ 4. Nbd2 b6 5. a3 Bxd2+ 6. Bxd2 Bb7 7. Bf4 d6 8.
e3 Nbd7 9. h3 O-O 10. Be2 Re8 11. O-O e5 12. Bh2 e4 13. Nd2 Nf8 14. c5 d5 15.
Rc1 c6 16. a4 Ne6 17. Nb3 Qd7 18. Qd2 Rad8 19. cxb6 axb6 20. Qb4 Ra8 21. Qxb6
Rxa4 22. Na5 Rxa5 23. Qxa5 Ra8 24. Qb6 Ng5 25. Ra1 Re8 26. Ra7 Re7 27. Ba6 Nxh3+
28. gxh3 Qxh3 29. Rxb7 Re8 30. Qc7 Ng4 31. Qxf7+ Kh8 32. Qxg7# {Black
checkmated} 1-0

[Event "Team 45 45 League T67"]
[Site "Internet Chess Club"]
[Date "2016.01.09"]
[Round "5"]
[White "ausya"]
[Black "bobhill"]
[Result "1-0"]
[WhiteElo "1722"]
[BlackElo "1881"]
[Opening "Sicilian: Alapin's variation (2.c3)"]
[ECO "B22"]
[Time "20:10:21"]
[TimeControl "2700+45"]

1. e4 c5 2. c3 d5 3. exd5 Qxd5 4. d4 Nf6 5. Nf3 Bg4 6. dxc5 Bxf3 7. Qxf3 Qxf3 8.
gxf3 e6 9. b4 Be7 10. Be3 O-O 11. Bc4 Nc6 12. Nd2 Nd5 13. Bxd5 exd5 14. Nb3 Bf6
15. Bd4 Rfe8+ 16. Kd2 Nxd4 17. cxd4 Bg5+ 18. Kd3 Bf4 19. h3 Re6 20. Rae1 Rae8
21. Rxe6 Rxe6 22. a4 g6 23. Nd2 Bh6 24. Nb1 Rf6 25. Ke2 Rf4 26. Rd1 Bg7 27. Nc3
Bxd4 28. Nxd5 Rh4 29. f4 Bg7 30. Rd3 h6 31. b5 g5 32. c6 bxc6 33. bxc6 gxf4 34.
c7 f3+ 35. Rxf3 Rc4 36. Ne7+ Kf8 37. c8=Q+ Rxc8 38. Nxc8 a6 39. Nd6 h5 40. Nxf7
Ke7 41. Ng5 Bf6 42. Ne4 Bb2 43. Nc5 a5 44. Nb3 Kd6 45. Nxa5 Kc7 46. Nc4 Bd4 47.
Rf4 Bc3 48. Re4 Kc6 49. f4 Kd5 50. Kd3 Be1 51. Rxe1 {Black resigns} 1-0

[Event "Team 45 45 League T67"]
[Site "Internet Chess Club"]
[Date "2016.01.08"]
[Round "5"]
[White "Otelo"]
[Black "komodeo"]
[Result "0-1"]
[WhiteElo "1732"]
[BlackElo "1689"]
[Opening "Sicilian: Grand Prix attack"]
[ECO "B23"]
[Time "19:30:13"]
[TimeControl "2700+45"]

1. e4 c5 2. Nc3 Nc6 3. f4 g6 4. Nf3 Bg7 5. Bb5 Nd4 6. O-O Nxb5 7. Nxb5 d6 8. d3
a6 9. Na3 b5 10. c3 Bb7 11. Nc2 Nf6 12. f5 gxf5 13. exf5 Qd7 14. Ng5 Rg8 15. Qe2
h6 16. Ne4 c4 17. Nxf6+ Bxf6 18. Rf2 Bh4 19. g3 cxd3 20. Qxd3 Qc6 21. Kf1 Bg5
22. Bxg5 hxg5 23. Re1 Qd5 24. Qxd5 Bxd5 25. Nb4 Bc4+ 26. Kg1 Kd7 27. b3 a5 28.
Nc2 Bd5 29. Nd4 b4 30. c4 Bb7 31. Rfe2 Rge8 32. Kf2 a4 33. Nc2 axb3 34. axb3
Rab8 35. Ra1 Bc6 36. Ra7+ Kd8 37. Nd4 Bd7 38. Rea2 e5 39. fxe6 fxe6 40. R2a6
Rf8+ 41. Ke3 e5 42. Nc2 Ke7 43. Rc7 Rfc8 44. Rxc8 Bxc8 45. Ra4 Bd7 46. Rxb4 Rh8
47. Ne1 Rxh2 48. Nf3 Rg2 49. Rb8 Rxg3 50. Kf2 Rg4 51. Rg8 Rf4 52. Ke3 g4 53. Ng5
Bc6 54. Rg7+ Ke8 55. Rg8+ Ke7 56. Rg7+ Ke8 57. Rg8+ Rf8 58. Rg6 Ke7 59. Re6+ Kd7
60. Rg6 Rf5 61. Rg7+ Ke8 62. Rg8+ Ke7 63. Rg7+ Kf6 64. Rc7 Kxg5 65. Rxc6 g3 66.
Rxd6 g2 {White resigns} 0-1

[Event "Team 45 45 League T67"]
[Site "Internet Chess Club"]
[Date "2016.01.09"]
[Round "5"]
[White "lacibacsi"]
[Black "G-force"]
[Result "0-1"]
[WhiteElo "2042"]
[BlackElo "2154"]
[Opening "Sicilian: closed, 6.Be3"]
[ECO "B26"]
[Time "16:17:12"]
[TimeControl "2700+45"]

1. e4 c5 2. Nc3 Nc6 3. g3 g6 4. Bg2 Bg7 5. d3 d6 6. Be3 Nf6 7. h3 O-O 8. f4 Nd4
9. Nf3 e5 10. O-O Nh5 11. Kh2 exf4 12. gxf4 f5 13. Qd2 Bd7 14. Rae1 Bc6 15. Nd5
fxe4 16. dxe4 Bxd5 17. exd5 Nf5 18. Bf2 Qf6 19. c3 Bh6 20. Ng5 Nxf4 21. Qxf4
Bxg5 22. Qa4 Qg7 23. Re6 Bf6 24. Rfe1 b5 25. Qg4 b4 26. cxb4 cxb4 27. b3 a5 28.
Be4 Be5+ 29. Kg1 Rac8 30. Bd3 Rc3 31. Bxf5 Rxf5 32. Re8+ Kf7 33. Ra8 Qf6 34.
Ra7+ Kf8 35. Rf1 Bh2+ 36. Kg2 Rc2 {White resigns} 0-1

[Event "Team 45 45 League T67"]
[Site "Internet Chess Club"]
[Date "2016.01.11"]
[Round "5"]
[White "jonesey"]
[Black "JJ12"]
[Result "0-1"]
[WhiteElo "1990"]
[BlackElo "2122"]
[Opening "Scotch gambit: Dubois-Réti defense"]
[ECO "C55"]
[Time "19:09:11"]
[TimeControl "2700+45"]

1. e4 e5 2. Nf3 Nc6 3. Bc4 Nf6 4. d4 exd4 5. e5 d5 6. Bb5 Ne4 7. Nxd4 Bd7 8.
Bxc6 bxc6 9. O-O Bc5 10. f3 Ng5 11. f4 Ne4 12. Be3 O-O 13. Nd2 Nxd2 14. Qxd2 Bb6
15. Nb3 Qe7 16. Rae1 Bf5 17. Qc3 Qd7 18. Bc5 Rfb8 19. Nd4 Bxc5 20. Qxc5 Rb6 21.
e6 fxe6 22. Nxf5 exf5 23. Re7 Qd6 24. Qxd6 cxd6 25. Rfe1 h6 26. Rd7 Kh7 27. Ree7
Rg8 28. b3 c5 29. Rxa7 Rb4 30. g3 Re4 31. Kf2 d4 32. a4 Kg6 33. Red7 Rge8 34.
Rxd6+ Kh5 35. Rxg7 Re2+ 36. Kf1 Re1+ 37. Kg2 R8e2+ 38. Kh3 Rh1 {White resigns}
0-1